 Dungeon Crawl Stone Soup version 0.32-a0-768-g0f6f1dd4b9 (webtiles) character file.

Game seed: 15390628440310655539

109 croobank the Caller (level 4, -1/30 HPs)
             Began as a Human Summoner on Mar 19, 2024.
             Was an Initiate of Kikubaaqudgha.
             Slain by a bombardier beetle (2 damage)
             ... on level 3 of the Dungeon.
             The game lasted 00:12:08 (3856 turns).

croobank the Caller (Human Summoner)                Turns: 3856, Time: 00:12:09

Health: -1/30      AC:  2    Str:  8    XL:     4   Next: 89%
Magic:  1/8        EV: 12    Int: 17    God:    Kikubaaqudgha [......]
Gold:   140        SH:  0    Dex: 14    Spells: 2/8 levels left

rFire   . . .        e - +0 dagger
rCold   . . .        (no shield)
rNeg    . . .        a - +0 robe
rPois   .            (no helmet)
rElec   .            (no cloak)
rCorr   .            (no gloves)
SInv    .            (no boots)
Will    .....        (no amulet)
Stlth   +            (no ring)
HPRegen 0.25/turn    (no ring)
MPRegen 0.11/turn

%: no passive effects
@: on fire, glowing
A: explore regen
a: Renounce Religion


You were on level 3 of the Dungeon.
You worshipped Kikubaaqudgha.
Kikubaaqudgha was noncommittal.
You visited 1 branch of the dungeon, and saw 3 of its levels.

You collected 140 gold pieces.

Inventory:

Hand Weapons
 e - a +0 dagger (weapon)
 m - a +0 flail
 t - a +0 war axe
Missiles
 i - 4 poisoned darts
Armour
 a - a +0 robe (worn)
 j - a +0 ring mail
Jewellery
 k - a ring of positive energy
Scrolls
 f - 2 scrolls of identify {unknown}
 g - 2 scrolls of poison {unknown}
 h - a scroll of acquirement {unknown}
 o - a scroll of fog {unknown}
 p - a scroll of fear {unknown}
 q - a scroll of teleportation {unknown}
 r - a scroll of amnesia {unknown}
 s - a scroll of enchant armour {unknown}
Potions
 b - a potion of magic
 c - a potion of might {unknown}
 d - 2 potions of degeneration {unknown}
 l - 2 potions of curing {unknown}
 n - 2 potions of haste {unknown}


   Skills:
 + Level 2.9 Dodging
 + Level 3.0 Stealth
 + Level 2.7 Spellcasting
 + Level 4.6 Summonings


You had 2 spell levels left.
You knew the following spells:

 Your Spells              Type           Power      Damage    Failure   Level
a - Summon Small Mammal   Summ           72%        N/A       2%          1
b - Call Imp              Summ           36%        N/A       4%          2
c - Call Canine Familiar  Summ           18%        N/A       8%          3

Your spell library contained the following spells:

 Spells                   Type           Power      Damage    Failure   Level
 Summon Blazeheart Golem  Fire/Summ      10%        N/A       56%         4
 Summon Lightning Spire   Summ/Air       10%        N/A       56%         4


Dungeon Overview and Level Annotations

Branches:
Dungeon (3/15)

Altars:
Dithmenos
Kikubaaqudgha
Nemelex Xobeh
Okawaru
Qazlal
Sif Muna
Trog
Xom


Innate Abilities, Weirdness & Mutations

You regain HP and MP as you explore.


Message History

You barely miss the bombardier beetle.
The bombardier beetle is severely wounded.
The bombardier beetle bites you.
* * * LOW HITPOINT WARNING * * *
You hit the bombardier beetle but do no damage.
The bombardier beetle is severely wounded.
You hit the bombardier beetle but do no damage.
The bombardier beetle is severely wounded.
The bombardier beetle closely misses you.
You hit the bombardier beetle but do no damage.
The bombardier beetle is severely wounded.
You hit the bombardier beetle.
The bombardier beetle is almost dead.
The bombardier beetle bites you.
* * * LOW HITPOINT WARNING * * *
Casting: Call Imp (safe; 4% risk of failure)
Confirm with . or Enter, or press ? or * to list all spells.
A tiny devil pulls itself out of the air.
The bombardier beetle bites you.
* * * LOW HITPOINT WARNING * * *
You swap places.
Your cerulean imp hits the bombardier beetle but does no damage.
The bombardier beetle sprays incendiary fluid at your cerulean imp.
The burning spray hits your cerulean imp.
Your cerulean imp closely misses the bombardier beetle.
Your familiar recovers from its injuries.
Your cerulean imp burns!
Your cerulean imp hits the bombardier beetle but does no damage.
Your cerulean imp burns!
Your cerulean imp dies!
Your cerulean imp disappears in a puff of smoke!
The bombardier beetle sprays incendiary fluid at you.
The burning spray hits you.
You are covered in liquid fire!
You shake off some of the fire as you move.
The liquid fire burns you!
* * * LOW HITPOINT WARNING * * *
The bombardier beetle bites you.
You die...
Kikubaaqudgha rasps: You have failed me!
Welcome... death!

..#.#######.#.##.#
#..#.#####.. ..#.#
.#.##.#####..#.# #....
....#
.#...........#.######.
..#.#
#.####.#####.##........
..#.# #..B...#
#.#########. ..#.#
#.####.# #.# #. ..#.#
#.# #.# #. #B# #.# #.
#@# ### #. #ยง# ## ###
# # #


You could see a bombardier beetle.

Vanquished Creatures
  A dart slug (D:3)
  A ball python (D:2)
  2 endoplasms
  A giant cockroach (D:2)
  A hobgoblin (D:1)
  A quokka (D:1)
  2 bats
  A kobold (D:2)
  2 rats (D:2)
12 creatures vanquished.

Vanquished Creatures (collateral kills)
  Terence (D:2)
  An adder (D:3)
  A ribbon worm (D:2)
  10 orcs (D:3)
  A ball python (D:1)
  5 endoplasms
  2 giant cockroaches
  4 goblins
  3 hobgoblins
  2 jackals (D:3)
  3 kobolds
  A bat (D:1)
  4 frilled lizards
  5 rats
43 creatures vanquished.

Grand Total: 55 creatures vanquished

Notes
Turn   | Place    | Note
-------+----------+-------------------------------------------
     0 | D:1      | croobank the Human Summoner began the quest for the Orb.
     0 | D:1      | Reached XP level 1. HP: 13/13 MP: 3/3
   433 | D:1      | Reached XP level 2. HP: 8/19 MP: 1/5
   580 | D:1      | Learned a level 2 spell: Call Imp
  1250 | D:2      | Noticed Terence
  1301 | D:2      | Reached XP level 3. HP: 23/24 MP: 2/6
  1305 | D:2      | Learned a level 3 spell: Call Canine Familiar
  1898 | D:2      | Killed Terence
  1899 | D:2      | Reached XP level 4. HP: 30/30 MP: 1/7
  2891 | D:3      | Found a shimmering blue altar of Sif Muna.
  2892 | D:3      | Found a shadowy altar of Dithmenos.
  2895 | D:3      | Found a shimmering altar of Xom.
  2914 | D:3      | Found a stormy altar of Qazlal.
  2995 | D:3      | Found an ancient bone altar of Kikubaaqudgha.
  2997 | D:3      | Found an iron altar of Okawaru.
  2999 | D:3      | Found a sparkling altar of Nemelex Xobeh.
  3000 | D:3      | Found a bloodstained altar of Trog.
  3295 | D:3      | Became a worshipper of Kikubaaqudgha
  3643 | D:3      | Found a faded altar of an unknown god.
  3856 | D:3      | HP: 1/30 [burnt (3)]
  3856 | D:3      | Slain by a bombardier beetle

Illustrated notes

Levels and vault maps discovered:
D:1:      sevenhm_arrival_forest_fort_large_2, layout_loops_ring
D:2:      layout_basic, minmay_small_reverse_x, uniq_terence
D:3:      layout_basic, grunt_temple_overflow_open,
          ebering_ecumenical_altar_webs

Skill      XL: |  1  2  3  4 |
---------------+-------------+-----
Stealth        | 3 |  3.0
Dodging        | |  2.9
Spellcasting   | |  2.7
Summonings     | |  4.6

Action                     |  1- 3 |  4- 6 || total
---------------------------+-------+-------++-------
  Melee: Unarmed           |     7 |       ||     7
         Dagger            |    20 |    24 ||    44
   Cast: Summon Small Mamm |    33 |    18 ||    51
         Call Imp          |     9 |    13 ||    22
         Call Canine Famil |     2 |     5 ||     7
   Stab: Sleeping          |     5 |     2 ||     7
 Armour: Robe              |    23 |    23 ||    46
  Dodge: Dodged            |    18 |    20 ||    38

Table legend: (Time is in decaauts)
 A = Elapsed time spent in this place.
 B = Non-inter-level travel time spent in this place.
 C = Inter-level travel time spent in this place.
 D = Time resting spent in this place.
 E = Time spent auto-exploring this place.
 F = Levels seen in this place.
 G = Mean time per level.
                   A        B        C        D        E       F      G
               +--------+--------+--------+--------+--------+-----+--------+
         Total |   3855 |   3783 |     72 |    447 |   2655 |   3 | 1285.0 |
       Dungeon |   3855 |   3783 |     72 |    447 |   2655 |   3 | 1285.0 |
               +--------+--------+--------+--------+--------+-----+--------+

Top non-repeatable levels by time:
     D:3: 1309 daAuts
     D:1: 1301 daAuts
     D:2: 1244 daAuts
